 Dungeon Crawl Stone Soup version 0.19.1-1-g22dce08 (webtiles) character file.

7345 theAP the Thaumaturge (level 10, -1/57 HPs)
             Began as a Deep Elf Conjurer on Jan 7, 2017.
             Was an Elder of Vehumet.
             Slain by a slime creature (10 damage)
             ... on level 10 of the Dungeon.
             The game lasted 01:01:24 (12594 turns).

theAP the Thaumaturge (Deep Elf Conjurer)          Turns: 12594, Time: 01:01:25

Health: -1/57      AC:  9    Str:  5    XL:     10   Next: 91%
Magic:  5/27       EV: 13    Int: 24    God:    Vehumet [****..]
Gold:   491        SH:  0    Dex: 17    Spells: 7 memorised, 10 levels left

rFire  . . .     SeeInvis +     q - +5 quarterstaff (chaos)
rCold  . . .     Gourm    .     a - +0 robe
rNeg   . . .     Faith    .     (shield currently unavailable)
rPois  +         Spirit   .     (helmet restricted)
rElec  .         Reflect  .     s - +2 cloak
rCorr  .         Harm     .     g - +2 pair of gloves
MR     ++...     Clarity  +     e - +0 pair of boots
Stlth  +++.......               (no amulet)
                                J - ring of wizardry
                                i - ring of poison resistance

@: no status effects
A: horns 1, talons 1, thin skeletal structure 1, see invisible, clarity, magic
resistance 1, poison resistance, slow regeneration 1, evolution 1
a: Renounce Religion


You were on level 10 of the Dungeon.
You worshipped Vehumet.
Vehumet was greatly pleased with you.
You were hungry.

You visited 2 branches of the dungeon, and saw 11 of its levels.
You also visited: Ossuary.

You collected 491 gold pieces.

Inventory:

Hand Weapons
 q - a +5 quarterstaff of chaos (weapon)
Armour
 a - a +0 robe (worn)
 e - a +0 pair of boots (worn)
 g - a +2 pair of gloves (worn)
 s - a +2 cloak (worn)
Jewellery
 i - a ring of poison resistance (left hand)
 m - an uncursed ring of ice
 o - an uncursed ring of fire
 v - a +2 ring of protection
 J - a ring of wizardry (right hand)
Wands
 p - a wand of flame (0/48)
 G - a wand of slowing (16/48)
 I - a wand of flame (26/48)
Scrolls
 h - 2 scrolls of teleportation
 j - 10 scrolls of remove curse
 k - a scroll of fear
 D - 2 scrolls of recharging {unknown}
 F - 2 scrolls of blinking {unknown}
 L - a scroll of vulnerability {unknown}
Potions
 l - a potion of ambrosia
 r - a potion of invisibility
 u - a potion of berserk rage
 w - a potion of flight {unknown}
 x - a potion of magic {unknown}
 A - 3 potions of might
 B - a potion of haste {unknown}
 C - 3 potions of heal wounds {unknown}
 E - a potion of agility {unknown}
 K - a potion of resistance {unknown}
Books
 b - a book of Conjurations

   Spells                             Type                      Level
   a - Magic Dart                     Conjuration                  1
   b - Searing Ray                    Conjuration                  2
   c - Dazzling Spray                 Conjuration/Hexes            3
   d - Fulminant Prism                Conjuration/Hexes            4
   e - Iskenderun's Mystic Blast      Conjuration                  4
   f - Iskenderun's Battlesphere      Conjuration/Charms           5
 t - a book of Maledictions

   Spells                             Type                      Level
   a - Corona                         Hexes                        1
   b - Ensorcelled Hibernation        Hexes/Ice                    2
   c - Confuse                        Hexes                        3
   d - Tukima's Dance                 Hexes                        3
   e - Dazzling Spray                 Conjuration/Hexes            3
 y - a book of Callings

   Spells                             Type                      Level
   a - Summon Small Mammal            Summoning                    1
   b - Call Imp                       Summoning                    2
   c - Call Canine Familiar           Summoning                    3
   d - Summon Guardian Golem          Hexes/Summoning              3
   e - Summon Lightning Spire         Summoning/Air                4
   f - Summon Ice Beast               Ice/Summoning                4
Comestibles
 c - 4 bread rations
 d - 2 slices of pizza
 f - 4 beef jerkies
 n - 3 meat rations
 H - 22 fruits


   Skills:
 - Level 4.2 Fighting
 - Level 2.4 Dodging
 - Level 2.4 Stealth
 + Level 11.8 Spellcasting
 + Level 10.9 Conjurations
 - Level 8.9 Hexes
 - Level 6.4 Charms
 + Level 3.4 Summonings
 + Level 3.2 Ice Magic


You had 10 spell levels left.
You knew the following spells:

 Your Spells              Type           Power        Failure   Level  Hunger
a - Magic Dart            Conj           ####         1%          1    None
b - Searing Ray           Conj           ######       1%          2    None
c - Iskenderun's Mystic   Conj           ######..     1%          4    None
d - Tukima's Dance        Hex            ######..     1%          3    None
e - Iskenderun's Battles  Conj/Chrm      ######..     1%          5    ###....
f - Summon Guardian Gole  Hex/Summ       #####...     1%          3    None
g - Summon Ice Beast      Ice/Summ       ####....     6%          4    None


Dungeon Overview and Level Annotations

Branches:
Dungeon (10/15)            Temple (1/1) D:4             Orc (0/2) D:9
   Lair: D:8-11

Altars:
Ashenzari
Cheibriados
Kikubaaqudgha
Makhleb
Qazlal
Ru
Sif Muna
Uskayaw
Vehumet
Xom
Zin

Shops:
D:8 %


Innate Abilities, Weirdness & Mutations

You have a pair of small horns on your head.
You have sharp toenails.
You have a somewhat thin skeletal structure. (Dex +2, Stealth)
You have supernaturally acute eyesight. (SInv)
You possess an exceptional clarity of mind.
You are resistant to hostile enchantments. (MR+)
Your system is resistant to poisons. (rPois)
You regenerate slowly when monsters are visible.
You evolve.


Message History

Your ice beast freezes the slime creature!
Two slime creatures merge to form a large slime creature.
Your ice beast hits the large slime creature but does no damage.
Your ice beast hits the large slime creature.
Your ice beast freezes the large slime creature!
A large slime creature splits.
There is a stone staircase leading up here.
Your ice beast hits the slime creature but does no damage.
The slime creature hits you.
* * * LOW HITPOINT WARNING * * *
Your ice beast hits the slime creature.
Your ice beast freezes the slime creature!
The slime creature hits your ice beast!
Your ice beast dies!
The slime creature hits you.
* * * LOW HITPOINT WARNING * * *
You feel better. The slime creature hits you!
* * * LOW HITPOINT WARNING * * *
The slime creature hits you!
You die...

.. J ### ### ..# ..#
#######.## #'####
#........# ..J..#
###........# .....#
#..........# .....#
#.#....@...#
.)...#####.#....JJ..#
.....#.....#...<....#
.....#.#####........#
.....#.# #........##.
.....'.#
#...........#
...).###
#........#### .....#
#........# ##..##
#######.##


You could see 2 slime creatures.

Vanquished Creatures
  The ghost of Spolavi the Cleaver, a novice HOFi (D:8)
  A hill giant (D:10)
  The ghost of Exporg the Cudgeler, a novice MiFi (D:5)
  A troll (D:8)
  A two-headed ogre (D:9)
  2 slime creatures (D:10)
  3 hippogriffs
  Prince Ribbit (D:9)
  A dancing weapon (D:7)
  A water moccasin (D:9)
  A swamp drake (D:9)
  An ice beast (D:8)
  4 sky beasts
  2 phantoms
  The ghost of Alarkh the Chopper, an amateur DsMo (D:3)
  3 ogres (D:9)
  A centaur (D:8)
  5 big kobolds
  8 bullfrogs
  2 scorpions
  9 killer bees (D:8)
  2 howler monkeys
  5 crimson imps
  2 bullfrog zombies
  2 jellies
  2 orc wizards
  2 hounds
  Crazy Yiuf (D:2)
  3 orc priests
  4 bullfrog skeletons
  A gnoll shaman (D:7)
  Jessica (D:2)
  Natasha (twice) (D:4)
  3 iguanas
  Ijyb (D:2)
  4 worker ants
  A killer bee zombie (D:6)
  3 mummies (Ossuary)
  2 worker ant zombies
  11 gnolls
  5 adders
  2 shadow imps (D:8)
  2 oozes
  An adder skeleton (D:6)
  3 adder zombies
  2 worms
  A dart slug (D:2)
  3 leopard geckos
  24 orcs
  6 bats
  7 giant cockroaches
  A gnoll zombie (Ossuary)
  11 goblins
  9 hobgoblins
  5 jackals
  A quokka (D:6)
  A ball python (D:4)
  9 frilled lizards (D:2)
  4 goblin zombies (Ossuary)
  2 hobgoblin zombies (Ossuary)
  32 kobolds
  3 kobold zombies (Ossuary)
  An orc zombie (Ossuary)
  2 quokka skeletons
  3 quokka zombies (Ossuary)
  6 rats
  2 rat zombies (Ossuary)
250 creatures vanquished.

Vanquished Creatures (collateral kills)
  2 slime creatures (D:10)
  An orc warrior (D:9)
  An ogre (D:9)
  A gnoll sergeant (D:6)
  3 orc wizards (D:9)
  2 gnolls
  5 orcs
  A kobold (D:7)
16 creatures vanquished.

Vanquished Creatures (others)
  2 dancing weapons
  A plant (D:5)
3 creatures vanquished.

Grand Total: 269 creatures vanquished

Notes
Turn   | Place    | Note
-------+----------+-------------------------------------------
     0 | D:1      | theAP the Deep Elf Conjurer began the quest for the Orb.
     0 | D:1      | Reached XP level 1. HP: 10/10 MP: 6/6
   228 | D:1      | Reached XP level 2. HP: 13/15 MP: 5/8
   925 | D:2      | Learned a level 2 spell: Searing Ray
  1008 | D:2      | Found a runed door.
  1077 | D:2      | Reached skill level 5 in Conjurations
  1077 | D:2      | Reached XP level 3. HP: 20/20 MP: 5/10
  1153 | D:2      | Noticed Jessica
  1159 | D:2      | Killed Jessica
  1159 | D:2      | Reached skill level 1 in Fighting
  1159 | D:2      | Reached skill level 4 in Spellcasting
  1272 | D:2      | Noticed Ijyb
  1276 | D:2      | Killed Ijyb
  1276 | D:2      | Reached XP level 4. HP: 25/25 MP: 7/12
  1907 | D:2      | Reached XP level 5. HP: 30/30 MP: 1/14
  2079 | D:2      | Found a glowing silver altar of Zin.
  2079 | D:2      | Found a deep blue altar of Sif Muna.
  2080 | D:2      | Found a shattered altar of Ashenzari.
  2084 | D:2      | Found a hide-covered altar of Uskayaw.
  2235 | D:2      | Noticed Crazy Yiuf
  2239 | D:2      | Killed Crazy Yiuf
  2327 | D:2      | Learned a level 4 spell: Iskenderun's Mystic Blast
  2382 | D:3      | Reached skill level 5 in Spellcasting
  2540 | D:3      | Noticed Alarkh's ghost (amateur DsMo)
  2552 | D:3      | Killed Alarkh's ghost
  2552 | D:3      | Reached XP level 6. HP: 33/36 MP: 4/16
  2831 | D:4      | Found a sand-covered staircase.
  2838 | Ossuary  | Entered an ossuary
  3576 | D:4      | Found an ancient bone altar of Kikubaaqudgha.
  3645 | D:4      | Found a staircase to the Ecumenical Temple.
  3653 | Temple   | Entered the Ecumenical Temple
  3674 | Temple   | Became a worshipper of Vehumet
  3987 | D:4      | Reached skill level 6 in Spellcasting
  4230 | D:4      | Noticed Natasha
  4234 | D:4      | Killed Natasha
  4497 | D:4      | Noticed Natasha
  4499 | D:4      | Killed Natasha
  4499 | D:4      | Reached XP level 7. HP: 41/41 MP: 8/18
  5037 | D:5      | Entered Level 5 of the Dungeon
  5096 | D:5      | Noticed Exporg's ghost (novice MiFi)
  5319 | D:5      | Gained mutation: You are agile. (Dex +2) [mutagenic meat]
  5321 | D:5      | Gained mutation: You evolve. [mutagenic meat]
  5634 | D:5      | Killed Exporg's ghost
  5634 | D:5      | Reached skill level 7 in Spellcasting
  5720 | D:5      | Reached XP level 8. HP: 47/48 MP: 16/21
  6022 | D:5      | Found a shimmering altar of Xom.
  6421 | D:5      | Learned a level 3 spell: Tukima's Dance
  6427 | D:5      | Learned a level 5 spell: Iskenderun's Battlesphere
  6515 | D:6      | Reached skill level 8 in Spellcasting
  6515 | D:6      | Reached skill level 1 in Hexes
  6855 | D:6      | Reached * piety under Vehumet
  6855 | D:6      | Offered knowledge of Freeze by Vehumet.
  7169 | D:6      | Gained mutation: You occasionally shout uncontrollably at your foes. [mutagenic meat]
  7170 | D:6      | Gained mutation: You are resistant to hostile enchantments. (MR+) [mutagenic meat]
  7171 | D:6      | Gained mutation: Your system is resistant to poisons. (rPois) [mutagenic meat]
  7172 | D:6      | Gained mutation: You have a pair of small horns on your head. [mutagenic meat]
  7474 | D:6      | Gained mutation: You regenerate slowly when monsters are visible. [mutagenic meat]
  7475 | D:6      | Gained mutation: You possess an exceptional clarity of mind. [mutagenic meat]
  7476 | D:6      | Gained mutation: You are very agile. (Dex +4) [mutagenic meat]
  7477 | D:6      | Lost mutation: You are very agile. (Dex +4) [mutagenic meat]
  7842 | D:7      | Reached skill level 9 in Spellcasting
  8178 | D:7      | Learned a level 3 spell: Summon Guardian Golem
  8190 | D:7      | Reached skill level 5 in Hexes
  8216 | D:7      | Reached XP level 9. HP: 40/52 MP: 6/24
  8217 | D:7      | Offered knowledge of Shock by Vehumet.
  8244 | D:7      | Reached ** piety under Vehumet
  8248 | D:7      | Gained mutation: You have a somewhat thin skeletal structure. (Dex +2, Stealth) [mutagenic meat]
  8249 | D:7      | Gained mutation: You have supernaturally acute eyesight. (SInv) [mutagenic meat]
  8251 | D:7      | Lost mutation: You occasionally shout uncontrollably at your foes. [mutagenic meat]
  9094 | D:7      | Reached skill level 1 in Summonings
  9269 | D:8      | Reached skill level 1 in Charms
  9354 | D:8      | Noticed Spolavi's ghost (novice HOFi)
  9521 | D:8      | Reached skill level 10 in Spellcasting
  9604 | D:7      | Offered knowledge of Throw Frost by Vehumet.
  9672 | D:8      | Lost mutation: You are agile. (Dex +2) [evolution]
  9708 | D:8      | Found Icwuxeg's Food Shop.
 10062 | D:8      | Noticed a troll
 10074 | D:8      | Killed a troll
 10335 | D:8      | Reached *** piety under Vehumet
 10726 | D:8      | Killed Spolavi's ghost
 10726 | D:8      | Reached skill level 10 in Conjurations
 10726 | D:8      | Reached skill level 5 in Charms
 10726 | D:8      | Reached XP level 10. HP: 27/57 MP: 1/26
 10866 | D:8      | Gained mutation: You have sharp toenails. [evolution]
 11162 | D:9      | Reached skill level 11 in Spellcasting
 11405 | D:9      | Noticed Prince Ribbit
 11411 | D:9      | Killed Prince Ribbit
 11647 | D:9      | Learned a level 4 spell: Summon Ice Beast
 11656 | D:9      | Offered knowledge of Sticky Flame by Vehumet.
 11727 | D:9      | Found a stormy altar of Qazlal.
 11805 | D:9      | Reached skill level 1 in Ice Magic
 11906 | D:9      | Found a staircase to the Orcish Mines.
 12155 | D:9      | Reached **** piety under Vehumet
 12186 | D:9      | Found a burning altar of Makhleb.
 12186 | D:9      | Noticed a balrug
 12268 | D:9      | Offered knowledge of Static Discharge by Vehumet.
 12354 | D:10     | Entered Level 10 of the Dungeon
 12445 | D:10     | Noticed a hill giant
 12515 | D:10     | Killed a hill giant
 12594 | D:10     | Slain by a slime creature

Skill      XL: |  1  2  3  4  5  6  7  8  9 10 |
---------------+-------------------------------+-----
Conjurations   | 5 6 7 8 10 | 10.9
Fighting       | 1 2 3 4 |  4.2
Spellcasting   | 4 5 6 7 9 10 11 | 11.8
Hexes          | 5 8 |  8.9
Summonings     | 1 3 |  3.4
Charms         | 5 6 |  6.4
Ice Magic      | 3 |  3.2
Dodging        | |  2.4
Stealth        | |  2.4

Action                   |  1- 3 |  4- 6 |  7- 9 | 10-12 || total
-------------------------+-------+-------+-------+-------++-------
Melee: Unarmed           |       |     3 |       |       ||     3
       Quarterstaff      |       |     4 |    45 |     7 ||    56
       Headbutt          |       |       |     3 |       ||     3
 Cast: Magic Dart        |    63 |   137 |    81 |    15 ||   296
       Searing Ray       |       |     5 |     8 |       ||    13
       Iskenderun's Myst |       |    20 |   117 |    62 ||   199
       Tukima's Dance    |       |       |    14 |       ||    14
       Summon Guardian G |       |       |     4 |     3 ||     7
       Iskenderun's Batt |       |       |     6 |     9 ||    15
       Summon Ice Beast  |       |       |       |     5 ||     5
Evoke: Wand              |       |       |    10 |       ||    10
  Use: Scroll            |     3 |    10 |     6 |       ||    19
       Potion            |       |     1 |     7 |     1 ||     9
  Eat: Chunk             |     1 |    10 |    32 |     3 ||    46
       Fruit             |       |     2 |     2 |     2 ||     6
       Royal jelly       |       |       |     3 |       ||     3
       Beef jerky        |       |       |     1 |       ||     1
       Pizza             |       |       |       |     2 ||     2
Armor: Robe              |       |     8 |    39 |     3 ||    50
Dodge: Dodged            |     8 |    15 |    66 |    15 ||   104
